 Dungeon Crawl Stone Soup version 0.31-a0-187-gba352fbbf7 (webtiles) character file.

Game seed: 13069323586159788616

4841 qw the Markself (level 10, -7/58 HPs)
             Began as a Deep Elf Hunter on June 22, 2023.
             Was a Believer of Okawaru.
             Shot with an arrow by a centaur warrior (18 damage)
             ... on level 9 of the Dungeon.
             The game lasted 00:03:11 (6985 turns).

qw the Markself (Deep Elf Hunter)                   Turns: 6985, Time: 00:03:12

Health: -7/58      AC: 10    Str: 12    XL:     10   Next: 25%
Magic:  13/15      EV: 22    Int: 15    God:    Okawaru [**....]
Gold:   286        SH:  0    Dex: 18    Spells: 9/9 levels left

rFire   . . .        Y - +0 orcbow
rCold   + . .        (shield currently unavailable)
rNeg    . . .        d - +0 ring mail
rPois   .            (no helmet)
rElec   .            l - +0 cloak
rCorr   .            h - +0 pair of gloves
SInv    .            p - +0 pair of boots
Will    +....        n - amulet of the acrobat
Stlth   +++          f - ring of protection from cold
HPRegen 0.29/turn    c - +5 ring of evasion
MPRegen 0.14/turn

%: acrobat
@: about to teleport, heroic
A: no striking features
a: Renounce Religion, Heroism


You were on level 9 of the Dungeon.
You worshipped Okawaru.
Okawaru was pleased with you.
You visited 1 branch of the dungeon, and saw 9 of its levels.

You collected 533 gold pieces.
You spent 247 gold pieces at shops.


   Skills:
 + Level 4.5(9.5) Fighting
 - Level 16.0(21.0) Ranged Weapons
 - Level 2.2(7.2) Armour
 - Level 7.4(12.4) Dodging
 - Level 1.2(6.2) Stealth
 - Level 4.1 Invocations


You had 9 spell levels left.
You didn't know any spells.
Your spell library was empty.

Inventory:

Hand Weapons
 Y - a +0 orcbow (weapon)
Armour
 b - a +0 helmet
 d - a +0 ring mail (worn)
 h - a +0 pair of gloves (worn)
 l - a +0 cloak (worn)
 p - a +0 pair of boots (worn)
Jewellery
 c - a +5 ring of evasion (right hand)
 e - a +6 ring of strength
 f - a ring of protection from cold (left hand)
 n - an amulet of the acrobat (around neck)
Scrolls
 a - 6 scrolls of identify
Potions
 g - a potion of might
 j - a potion of haste
 k - 3 potions of resistance
 m - 2 potions of cancellation

Dungeon Overview and Level Annotations

Branches:
Dungeon (9/15)             Temple (0/1) D:6
   Lair: D:8-11         Orc: D:9-12

Altars:
Ashenzari
Fedhas
Gozag
Hepliaklqana
Makhleb
Nemelex Xobeh
Okawaru
Qazlal
Ru
Uskayaw
Xom
Yredelemnul
Jiyva

Shops:
D:6 !

Annotations:
D:9 3 runed translucent doors, qw's ghost, journeyman DEHu


Message History

a +3 short sword; 4 stones; a kobold corpse
Enter note:
Enter note:
Enter note:
Enter note:
Enter note:
Enter note: You see here a howler monkey corpse.
A centaur warrior comes into view.
Enter note:
Enter note:
Enter note:
Enter note:
Enter note:
Enter note: You shoot an arrow.
The centaur warrior shouts!
The arrow hits the centaur warrior but does no damage.
You shoot an arrow. The arrow hits the centaur warrior!
The centaur warrior is moderately wounded.
You hear a shout!
The centaur warrior wields a +0 shortbow.
The centaur warrior shoots an arrow.
The arrow misses you.
You shoot an arrow.
The arrow closely misses the centaur warrior.
The centaur warrior shoots an arrow.
The arrow hits you!!
A centaur comes into view. It is wielding a +0 dagger.
A bullfrog comes into view.
The centaur warrior shoots an arrow.
The arrow completely misses you.
The centaur unwields a +0 dagger.
The centaur wields a +0 shortbow.
The centaur shoots an arrow.
The arrow closely misses you.
6984 ||| INVOKING Heroism.
You gain the combat prowess of a mighty hero.
The centaur warrior shoots an arrow.
The arrow hits you!!
The centaur shoots an arrow.
The arrow completely misses you.
6985 ||| READING scroll of teleportation.
As you read the scroll of teleportation, it crumbles to dust.
You feel strangely unstable.
The centaur warrior shoots an arrow.
The arrow hits you!!
You die...

.## #......#### .#
..####.........##'#
##...#).........c.##
###..............%#
######.......)..##
####....))..###
###........##
##.%........
#.@........
##)........
#'##...... #$c
###... ##. ## F. ..
..# #


You could see a centaur warrior, a bullfrog and a centaur.

Vanquished Creatures
  Psyche (D:9)
  A troll (D:9)
  Grinder (D:2)
  6 yaks
  2 steam dragons
  A water moccasin (D:7)
  3 orc warriors
  2 ice beasts (D:7)
  2 sky beasts
  2 centaurs
  An ogre (D:5)
  3 black bears
  A necrophage (D:4)
  3 kobold brigands
  2 bullfrogs (D:7)
  2 gnoll sergeants
  5 scorpions
  4 killer bees
  5 howler monkeys
  5 hounds
  A gnoll bouda (D:8)
  An orc priest (D:5)
  An orc wizard (D:9)
  A hound skeleton (D:4)
  19 gnolls
  7 adders
  2 shadow imps
  4 white imps
  An ufetubus (D:6)
  2 worms
  3 dart slugs
  16 orcs
  6 ball pythons
  A bat (D:3)
  8 endoplasms
  3 giant cockroaches
  5 goblins
  7 hobgoblins
  12 jackals
  A quokka (D:4)
  A frilled lizard (D:2)
  27 kobolds
  6 rats
187 creatures vanquished.

Notes
Turn   | Place    | Note
-------+----------+-------------------------------------------
     0 | D:1      | qw the Deep Elf Hunter began the quest for the Orb.
     0 | D:1      | Reached XP level 1. HP: 12/12 MP: 3/3
     0 | D:1      | 0 ||| qw: Version: 0.3-a-9-g12657ce
     0 | D:1      | 0 ||| qw: Game counter: 2519
     0 | D:1      | 0 ||| qw: Always use a shield: true
     0 | D:1      | 0 ||| qw: God list: Okawaru
     0 | D:1      | 0 ||| qw: Allow faded altars: false
     0 | D:1      | 0 ||| qw: Do Orc after D:15 true
     0 | D:1      | 0 ||| qw: Do second Lair branch before Depths: true
     0 | D:1      | 0 ||| qw: Lair rune preference: random
     0 | D:1      | 0 ||| qw: Plans: Normal
     0 | D:1      | 0 ||| PLANNING D:1-11
    62 | D:1      | HP: 2/12 [kobold/+0 short sword (4)]
   134 | D:1      | Reached XP level 2. HP: 16/16 MP: 4/4
   147 | D:1      | Reached skill level 6 in Ranged Weapons
   713 | D:1      | 713 ||| UPGRADING to +0 ring mail.
   723 | D:1      | 723 ||| DROPPING +0 leather armour.
   724 | D:1      | 724 ||| UPGRADING to ring of protection from cold.
   725 | D:1      | 725 ||| READING 2 scrolls labelled GUIKHL MICU.
   726 | D:1      | 726 ||| READING scroll labelled BEBEIL KUMI.
   731 | D:1      | 731 ||| DRINKING 2 puce potions.
   732 | D:1      | 732 ||| DRINKING 2 cyan potions.
   733 | D:1      | 733 ||| DROPPING scroll of butterflies.
   776 | D:2      | Reached XP level 3. HP: 20/20 MP: 5/5
   809 | D:2      | Reached skill level 7 in Ranged Weapons
   933 | D:2      | Reached XP level 4. HP: 25/25 MP: 6/6
  1455 | D:2      | 1455 ||| UPGRADING to +0 pair of gloves.
  1460 | D:2      | 1460 ||| UPGRADING to +0 cloak.
  1465 | D:2      | 1465 ||| UPGRADING to +5 ring of evasion.
  1466 | D:2      | 1466 ||| READING scroll labelled IKHLAN FOEPH.
  1467 | D:2      | 1467 ||| READING scroll labelled UBLEYKL FAKAMO.
  1468 | D:2      | 1468 ||| READING scroll labelled ANEKIT ZUUTS.
  1489 | D:2      | 1489 ||| READING 4 scrolls of identify.
  1489 | D:2      | 1489 ||| IDENTIFYING smoky brown potion
  1490 | D:2      | 1490 ||| DROPPING potion of degeneration.
  1630 | D:3      | Identified the +3 mace of Tortfeasance {flame, Str+4}
  1740 | D:3      | 1740 ||| DROPPING +3 leather armour.
  1741 | D:3      | 1741 ||| READING 3 scrolls of identify.
  1741 | D:3      | 1741 ||| IDENTIFYING amethyst potion
  1742 | D:3      | 1742 ||| DROPPING potion of invisibility.
  1746 | D:3      | Noticed Grinder
  1758 | D:3      | Paralysed by Grinder for 5 turns
  1763 | D:3      | 1763 ||| FLEEEEING.
  1764 | D:3      | 1764 ||| STAIRDANCE
  1788 | D:3      | Paralysed by Grinder for 3 turns
  1798 | D:3      | 1798 ||| STAIRDANCE
  1806 | D:2      | Killed Grinder
  1807 | D:2      | Reached skill level 9 in Ranged Weapons
  1807 | D:2      | Reached XP level 5. HP: 20/29 MP: 7/7
  1807 | D:2      | Reached XP level 6. HP: 24/34 MP: 8/8
  1859 | D:3      | Found a hazy altar of Hepliaklqana.
  1874 | D:3      | Found an iron altar of Okawaru.
  1875 | D:3      | 1875 ||| PLANNING OKAWARU WORSHIP
  1880 | D:3      | Became a worshipper of Warmaster Okawaru
  1881 | D:3      | 1881 ||| PLANNING D:1-11
  1927 | D:3      | Found a hide-covered altar of Uskayaw.
  2233 | D:4      | HP: 8/35 [scorpion (4)]
  2234 | D:4      | 2234 ||| READING scroll of teleportation.
  2235 | D:4      | 2235 ||| DRINKING potion of heal wounds.
  2272 | D:4      | Reached skill level 1 in Armour
  2440 | D:4      | Reached skill level 10 in Ranged Weapons
  2557 | D:4      | Reached skill level 3 in Dodging
  2657 | D:4      | Found a burning altar of Makhleb.
  2668 | D:4      | Reached XP level 7. HP: 36/40 MP: 9/9
  2713 | D:4      | Found a sparkling altar of Nemelex Xobeh.
  2855 | D:4      | 2855 ||| READING scroll labelled YGHOSTR ICAZ.
  2856 | D:4      | 2856 ||| READING scroll labelled WEVU OGRUMA.
  2879 | D:5      | Entered Level 5 of the Dungeon
  2927 | D:5      | Reached * piety under Okawaru
  2928 | D:5      | Reached skill level 11 in Ranged Weapons
  2959 | D:5      | Found a stormy altar of Qazlal.
  3031 | D:5      | 3031 ||| INVOKING Heroism.
  3221 | D:5      | Found a broken altar of Ashenzari.
  3229 | D:5      | Found an opulent altar of Gozag.
  3253 | D:5      | 3253 ||| INVOKING Heroism.
  3258 | D:5      | Reached skill level 12 in Ranged Weapons
  3258 | D:5      | Reached skill level 1 in Invocations
  3299 | D:5      | Found a shimmering altar of Xom.
  3555 | D:5      | 3555 ||| INVOKING Heroism.
  3566 | D:5      | Reached XP level 8. HP: 15/45 MP: 9/11
  3680 | D:5      | Found a basalt altar of Yredelemnul.
  3746 | D:5      | 3746 ||| SWAPPING to +0 orcbow.
  3747 | D:5      | 3747 ||| DROPPING +0 shortbow.
  3748 | D:5      | 3748 ||| READING scroll labelled RASSAZ HURILE.
  3749 | D:5      | 3749 ||| READING 6 scrolls of identify.
  3749 | D:5      | 3749 ||| IDENTIFYING fizzy pink potion
  3760 | D:6      | 3760 ||| PLANNING SEWER
  3760 | D:6      | 3760 ||| INVOKING Heroism.
  3765 | D:6      | HP: 11/45 [orc priest/divine providence (16)]
  3766 | D:6      | 3766 ||| STAIRDANCE
  3950 | D:6      | Reached skill level 3 in Fighting
  4034 | D:6      | Found Jyneff's Distillery.
  4042 | D:6      | 4042 ||| BUYING potion of cancellation (104 gold).
  4042 | D:6      | Bought a potion of cancellation for 104 gold pieces
  4042 | D:6      | 4042 ||| BUYING potion of cancellation (104 gold).
  4042 | D:6      | Bought a potion of cancellation for 104 gold pieces
  4042 | D:6      | 4042 ||| BUYING potion of curing (39 gold).
  4042 | D:6      | Bought a potion of curing for 39 gold pieces
  4042 | D:6      | 4042 ||| SHOPLISTING potion of curing (39 gold, have 1).
  4042 | D:6      | 4042 ||| SHOPLISTING potion of haste (130 gold, have 1).
  4115 | D:6      | HP: 6/46 [yak (12)]
  4116 | D:6      | 4116 ||| READING scroll of teleportation.
  4117 | D:6      | 4117 ||| DRINKING potion of heal wounds.
  4118 | D:6      | 4118 ||| INVOKING Heroism.
  4120 | D:6      | HP: 7/46 [yak (6)]
  4221 | D:6      | 4221 ||| INVOKING Heroism.
  4307 | D:6      | HP: 11/46 [poisoned by an adder]
  4308 | D:6      | Reached skill level 13 in Ranged Weapons
  4310 | D:6      | HP: 5/46 [poisoned by an adder]
  4311 | D:6      | 4311 ||| INVOKING Heroism.
  4312 | D:6      | HP: 1/46 [adder (3)]
  4314 | D:6      | 4314 ||| DRINKING potion of curing.
  4314 | D:6      | 4314 ||| (to cure poison)
  4466 | D:6      | 4466 ||| RIP SEWER
  4491 | D:6      | 4491 ||| PLANNING D:1-11
  4583 | D:6      | Found a staircase to the Ecumenical Temple.
  4772 | D:7      | Found a blossoming altar of Fedhas.
  4890 | D:7      | 4890 ||| INVOKING Heroism.
  4893 | D:7      | Reached skill level 14 in Ranged Weapons
  4916 | D:7      | Reached XP level 9. HP: 51/51 MP: 12/12
  4961 | D:7      | Reached skill level 3 in Invocations
  5049 | D:7      | Found a sacrificial altar of Ru.
  5087 | D:7      | 5087 ||| Stepping ~*~*~tactically~*~*~ (outnumbered).
  5089 | D:7      | 5089 ||| Stepping ~*~*~tactically~*~*~ (outnumbered).
  5091 | D:7      | 5091 ||| Stepping ~*~*~tactically~*~*~ (outnumbered).
  5096 | D:7      | 5096 ||| Stepping ~*~*~tactically~*~*~ (outnumbered).
  5108 | D:7      | 5108 ||| FLEEEEING.
  5126 | D:7      | 5126 ||| Stepping ~*~*~tactically~*~*~ (outnumbered).
  5315 | D:7      | 5315 ||| INVOKING Heroism.
  5329 | D:7      | HP: 11/51 [orc warrior/+2 short sword of flaming (2)]
  5330 | D:7      | 5330 ||| READING scroll of teleportation.
  5330 | D:7      | HP: 5/51 [orc warrior/+2 short sword of flaming (6)]
  5616 | D:7      | 5616 ||| INVOKING Heroism.
  5649 | D:7      | 5649 ||| UPGRADING to +0 pair of boots.
  5654 | D:7      | 5654 ||| UPGRADING to amulet of the acrobat.
  5659 | D:7      | 5659 ||| READING scroll labelled TUGEOR PAPNODI.
  5660 | D:7      | 5660 ||| READING scroll labelled LETUVV GUAFUSE.
  5697 | D:8      | 5697 ||| STAIRDANCE
  5701 | D:7      | 5701 ||| INVOKING Heroism.
  5714 | D:7      | Reached skill level 15 in Ranged Weapons
  5777 | D:8      | 5777 ||| STAIRDANCE
  5780 | D:7      | 5780 ||| INVOKING Heroism.
  6040 | D:8      | 6040 ||| INVOKING Heroism.
  6344 | D:8      | Found a flagged portal.
  6394 | D:8      | 6394 ||| INVOKING Heroism.
  6433 | D:8      | 6433 ||| DROPPING +6 ring of intelligence.
  6434 | D:8      | 6434 ||| DROPPING ring of flight.
  6435 | D:8      | 6435 ||| READING scroll labelled WAROUMO GELEANT.
  6522 | D:8      | 6522 ||| DRINKING 2 fuming yellow potions.
  6523 | D:8      | 6523 ||| READING 7 scrolls of identify.
  6523 | D:8      | 6523 ||| IDENTIFYING fizzy green potion
  6524 | D:8      | 6524 ||| DROPPING potion of brilliance.
  6525 | D:8      | 6525 ||| DROPPING potion of attraction.
  6620 | D:9      | 6620 ||| Stepping ~*~*~tactically~*~*~ (outnumbered).
  6728 | D:9      | Reached skill level 16 in Ranged Weapons
  6758 | D:9      | Found a runed translucent gate.
  6758 | D:9      | Found a runed translucent gate.
  6758 | D:9      | Found a runed translucent gate.
  6759 | D:9      | Found a viscous altar of Jiyva.
  6759 | D:9      | Noticed qw's ghost (journeyman DEHu)
  6767 | D:9      | Noticed Psyche
  6768 | D:9      | 6768 ||| INVOKING Heroism.
  6771 | D:9      | Killed Psyche
  6771 | D:9      | Reached ** piety under Okawaru
  6772 | D:9      | Reached XP level 10. HP: 57/57 MP: 12/15
  6809 | D:9      | Reached skill level 6 in Dodging
  6809 | D:9      | 6809 ||| Stepping ~*~*~tactically~*~*~ (outnumbered).
  6830 | D:9      | 6830 ||| INVOKING Heroism.
  6835 | D:9      | 6835 ||| Stepping ~*~*~tactically~*~*~ (cloud).
  6837 | D:9      | 6837 ||| Stepping ~*~*~tactically~*~*~ (cloud).
  6893 | D:9      | 6893 ||| INVOKING Heroism.
  6980 | D:9      | Noticed a centaur warrior
  6984 | D:9      | 6984 ||| INVOKING Heroism.
  6984 | D:9      | HP: 10/58 [centaur warrior/arrow (27)]
  6985 | D:9      | 6985 ||| READING scroll of teleportation.
  6985 | D:9      | Shot with an arrow by a centaur warrior

Levels and vault maps discovered:
D:1:      doesnt_arrival_eight_statues, layout_loops_ring
D:2:      layout_loops_ring
D:3:      layout_rooms, okawaru_metal_pillars_1_2,
          mainiacjoe_overflow_small_starburst, old_standard_altar,
          serial_aquarium, aquarium_bridge_square [aquarium_subvault_bridge,
          aquarium_subvault_wall, aquarium_subvault_bridge,
          aquarium_subvault_bridge], aquarium_bridge_long_joined
          [aquarium_subvault_wall, aquarium_subvault_wall,
          aquarium_subvault_bridge, aquarium_subvault_window,
          aquarium_subvault_balcony, aquarium_subvault_wall], aquarium_window_1,
          aquarium_window_fake, aquarium_window_1, aquarium_window_fake,
          aquarium_view_2c, aquarium_view_2f, aquarium_pool_2, uniq_grinder
D:4:      layout_cave_pools, nemelex_dance_club_becter,
          makhleb_blood_cavern_becter, grunt_ministairs_13,
          hangedman_abyss_or_decor_passed
D:5:      layout_basic, evilmike_ruin_ashenzari,
          mainiacjoe_overflow_six_doors_small, mainiacjoe_overflow_24_doors,
          grunt_qazlal_clouds, old_standard_altar
D:6:      layout_basic, minmay_temple_entry_wispy, serial_shops, shop,
          portal_sewer_entry_d
D:7:      layout_basic, fedhas_altar_1, mainiacjoe_overflow_catwalk,
          kennysheep_generic_room_12
D:8:      layout_basic, enter_bailey_2
D:9:      minmay_quarter_circles, layout_cave_pods, gammafunk_ghost_ooze,
          uniq_psyche

Skill      XL: |  1  2  3  4  5  6  7  8  9 10 |
---------------+-------------------------------+-----
Ranged Weapons | 6 7 9 10 12 14 16 | 16.0
Fighting       | 2 3 4 |  4.5
Armour         | 1 2 |  2.2
Dodging        | 3 4 5 7 |  7.4
Invocations    | 2 4 |  4.1
Stealth        | |  1.2

Action                     |  1- 3 |  4- 6 |  7- 9 | 10-12 || total
---------------------------+-------+-------+-------+-------++-------
   Fire: Shortbow          |   124 |   153 |   104 |       ||   381
         Orcbow            |       |       |   345 |    54 ||   399
 Invoke: Heroism           |       |       |    15 |     3 ||    18
    Use: Scroll            |     2 |     6 |    10 |     1 ||    19
         Potion            |     2 |     1 |     3 |       ||     6
 Armour: Leather armour    |     8 |       |       |       ||     8
         Ring mail         |     6 |    42 |    55 |     1 ||   104
  Dodge: Dodged            |    36 |    74 |   274 |    26 ||   410

Table legend:
 A = Non-vault XP
 B = Vault XP
 C = Vault XP percentage of total XP
 D = Non-vault monster count
 E = Vault monster count
 F = Vault count percentage of total count
                 A         B        C        D         E       F
            +---------+---------+-------+---------+---------+-------
      Total |    5308 |    1608 |  23.3 |     172 |      15 |   8.0
            +---------+---------+-------+---------+---------+-------
        D:1 |      37 |       0 |   0.0 |      21 |       0 |   0.0
        D:2 |      89 |     258 |  74.4 |      35 |       1 |   2.8
        D:3 |      23 |       0 |   0.0 |       7 |       0 |   0.0
        D:4 |     234 |     202 |  46.3 |       9 |       6 |  40.0
        D:5 |     711 |       0 |   0.0 |      19 |       0 |   0.0
        D:6 |     821 |      14 |   1.7 |      13 |       1 |   7.1
        D:7 |    2148 |       0 |   0.0 |      29 |       0 |   0.0
        D:8 |     674 |       0 |   0.0 |      22 |       0 |   0.0
        D:9 |     571 |    1134 |  66.5 |      17 |       7 |  29.2
            +---------+---------+-------+---------+---------+-------
